 Dungeon Crawl Stone Soup version 0.29.1-13-g9f3cf754e1 (webtiles) character file.

Game seed: 2616264241468152021

1118 cdecastro the Grappler (level 8, -2/74 HPs)
             Began as a Troll Fighter on Feb 4, 2023.
             Was a Follower of Trog.
             Killed by divine providence
             ... invoked by an orc priest
              (10 damage)
             ... on level 6 of the Dungeon.
             The game lasted 00:05:49 (4044 turns).

cdecastro the Grappler (Troll Fighter)              Turns: 4044, Time: 00:05:50

Health: -2/74      AC:  4    Str: 27    XL:     8   Next: 12%
Magic:  7/7        EV:  8    Int:  4    God:    Trog [*.....]
Gold:   248        SH:  7    Dex:  9    Spells: 7/7 levels left

rFire   . . .      SeeInvis .     - Unarmed
rCold   . . .      Faith    .   b - +0 kite shield
rNeg    . . .      Spirit   .   a - +0 robe
rPois   .          Reflect  .   (helmet restricted)
rElec   .          Harm     .   (no cloak)
rCorr   .          Rampage  .   (gloves unavailable)
Will    .....                   (boots unavailable)
Stlth   +.........              (no amulet)
HPRegen 1.02/turn               (no ring)
MPRegen 0.10/turn               (no ring)

@: lethally poisoned (-2 -> -3)
A: large, unfitting armour, claws 3, regeneration 1, shaggy fur 1, tough skin 1
a: Renounce Religion, Berserk


You were on level 6 of the Dungeon.
You worshipped Trog.
Trog was aware of your devotion.
You visited 1 branch of the dungeon, and saw 6 of its levels.

You collected 248 gold pieces.

Inventory:

Hand Weapons
 x - a +0 flail of draining
 F - a +2 scimitar of flaming
Missiles
 l - 4 javelins (quivered)
 E - 6 boomerangs
 H - 3 poisoned darts
Armour
 a - a +0 robe (worn)
 b - a +0 kite shield (worn)
 u - a +0 cloak
 y - a +1 cloak
Magical Staves
 k - a staff of conjuration
 s - a staff of earth
Jewellery
 d - an amulet of regeneration
 B - a +4 ring of protection
Wands
 C - a wand of flame (12)
 G - a wand of light (10)
Scrolls
 e - a scroll of enchant armour {unknown}
 g - 3 scrolls of immolation {unknown}
 h - 2 scrolls of teleportation {unknown}
 m - 5 scrolls of identify {unknown}
 n - 4 scrolls of fog {unknown}
 p - 2 scrolls of amnesia {unknown}
 v - a scroll of brand weapon {unknown}
 A - a scroll of enchant weapon {unknown}
 D - a scroll of magic mapping {unknown}
Potions
 c - a potion of might
 f - 4 potions of curing {unknown}
 i - 2 potions of lignification {unknown}
 j - 2 potions of attraction {unknown}
 o - 3 potions of mutation {unknown}
 q - a potion of ambrosia {unknown}
 r - 2 potions of haste {unknown}
 t - a potion of brilliance {unknown}
 w - 3 potions of heal wounds {unknown}
 z - 2 potions of flight {unknown}


   Skills:
 - Level 2.4 Fighting
 - Level 2.4 Dodging
 - Level 2.6 Shields
 + Level 9.8 Unarmed Combat


You had 7 spell levels left.
You didn't know any spells.
Your spell library contained the following spells:

 Spells                   Type           Power      Damage    Failure   Level
 Necrotise                Necr           0%         1d4       80%         1
 Blink                    Tloc           0%         N/A       91%         2
 Ensorcelled Hibernation  Hex/Ice        0%         N/A       91%         2
 Passwall                 Tmut/Erth      0%         N/A       91%         2
 Lesser Beckoning         Tloc           0%         N/A       99%         3
 Spider Form              Tmut/Pois      0%         N/A       99%         3
 Swiftness                Air            0%         N/A       99%         3
 Vampiric Draining        Necr           0%         2d6       99%         3
 Anguish                  Hex/Necr       0%         N/A       100%        4
 Agony                    Necr           0%         N/A       100%        5
 Manifold Assault         Tloc           0%         N/A       100%        5
 Summon Forest            Summ/Tloc      0%         N/A       100%        5
 Summon Mana Viper        Hex/Summ       0%         N/A       100%        5
 Summon Cactus Giant      Summ           0%         N/A       100%        6


Dungeon Overview and Level Annotations

Branches:
Dungeon (6/15)             Temple (0/1) D:4

Altars:
Cheibriados
Qazlal
Sif Muna
Trog

Annotations:
D:4 3 runed translucent doors, Taurus's ghost, weakling FeSu


Innate Abilities, Weirdness & Mutations

You are too large for most types of armour.
You have claws for hands.
Your natural rate of healing is unusually fast.
You are covered in fur. (AC +1)
You have tough skin. (AC +1)


Message History

You closely miss the hound. You block the hound's attack.
The orc closely misses you. You block the hound's attack.
You claw the hound!
The hound is heavily wounded.
The hound bites you. You block the orc's attack.
The orc warrior hits you from afar with a +0 glaive!
You claw the hound!
You kill the hound!
Trog accepts your kill. The orc barely misses you.
The orc warrior hits you from afar with a +0 glaive.
The orc priest casts a cantrip, but nothing happens.
Something hits you. You block the orc's attack.
The orc priest begins to cast a cantrip, but forgets the words!
You scratch something. Something hits you.
* * * LOW HITPOINT WARNING * * *
The orc hits you with a +0 short sword of venom.
* * * LOW HITPOINT WARNING * * *
You are poisoned.
The orc warrior hits you from afar with a +0 glaive!
* * * LOW HITPOINT WARNING * * *
Okay, then.
Unknown command.
You feel very sick.
You hear some strange, mumbled words.
Something tries to affect you, but you resist.
The orc priest hits you but does no damage.
You feel sick.
A magic dart appears from out of thin air!
The magic dart hits you!
* * * LOW HITPOINT WARNING * * *
The orc priest attacks as you move away!
The orc priest hits you with a +0 club.
* * * LOW HITPOINT WARNING * * *
A hound comes into view.
You feel sick.
The hound barks!
The orc priest invokes the aid of Beogh against you.
Beogh smites you!
You die...

#.................
###.#.............
#...............
#.†#............
##.#............
#.......!......
#o.o..........#
###oo...........#
#.@.......####...
###.####### ...
#.# #.# #.. #..
.h.. ...


You could see an orc warrior, a hound, an orc priest and 2 orcs.

Vanquished Creatures
  Duvessa (D:4)
  An ice beast (D:6)
  2 black bears (D:6)
  Blork the orc (D:4)
  2 scorpions (D:4)
  A necrophage (D:4)
  Dowan (D:4)
  4 hounds
  A jelly (D:6)
  An orc priest (D:4)
  2 iguanas
  3 orc wizards
  Robin (D:4)
  6 adders
  2 dart slugs
  15 orcs
  3 bats
  3 endoplasms
  4 giant cockroaches
  13 goblins
  7 hobgoblins
  3 quokkas
  7 ball pythons
  A frilled lizard (D:3)
  10 kobolds
  6 rats
101 creatures vanquished.

Vanquished Creatures (others)
  A wizard (D:3)
1 creature vanquished.

Grand Total: 102 creatures vanquished

Notes
Turn   | Place    | Note
-------+----------+-------------------------------------------
     0 | D:1      | cdecastro the Troll Fighter began the quest for the Orb.
     0 | D:1      | Reached XP level 1. HP: 22/22 MP: 0/0
    48 | D:1      | Reached XP level 2. HP: 28/29 MP: 1/1
    89 | D:1      | Found a faded altar of an unknown god.
    98 | D:1      | Reached skill level 3 in Unarmed Combat
   594 | D:2      | Reached XP level 3. HP: 36/36 MP: 2/2
   864 | D:2      | Reached skill level 4 in Unarmed Combat
  1269 | D:3      | Found a bloodstained altar of Trog.
  1295 | D:3      | Noticed a wizard
  1299 | D:3      | Killed a wizard
  1362 | D:3      | Reached XP level 4. HP: 43/44 MP: 3/3
  1438 | D:3      | Reached skill level 5 in Unarmed Combat
  1473 | D:3      | Reached XP level 5. HP: 50/50 MP: 4/4
  1838 | D:3      | Became a worshipper of Trog the Wrathful
  1987 | D:4      | Found a runed translucent gate.
  1987 | D:4      | Found a runed translucent gate.
  1987 | D:4      | Found a runed translucent gate.
  1987 | D:4      | Noticed Taurus's ghost (weakling FeSu)
  1997 | D:4      | Noticed Duvessa
  2009 | D:4      | Reached skill level 6 in Unarmed Combat
  2015 | D:4      | Killed Duvessa
  2016 | D:4      | Reached XP level 6. HP: 52/59 MP: 5/5
  2020 | D:4      | Noticed Dowan
  2080 | D:4      | Reached skill level 7 in Unarmed Combat
  2211 | D:4      | Killed Dowan
  2212 | D:4      | Reached XP level 7. HP: 44/66 MP: 6/6
  2367 | D:4      | Noticed Robin
  2380 | D:4      | Reached * piety under Trog
  2397 | D:4      | Killed Robin
  2414 | D:4      | Reached skill level 8 in Unarmed Combat
  2458 | D:4      | Found a staircase to the Ecumenical Temple.
  2623 | D:4      | Noticed Blork the orc
  2627 | D:4      | Killed Blork the orc
  2860 | D:5      | Entered Level 5 of the Dungeon
  3150 | D:5      | Found a snail-covered altar of Cheibriados.
  3153 | D:5      | Found a shimmering blue altar of Sif Muna.
  3157 | D:5      | Found a stormy altar of Qazlal.
  3480 | D:6      | Reached skill level 9 in Unarmed Combat
  3812 | D:6      | Reached XP level 8. HP: 74/74 MP: 7/7
  4044 | D:6      | Killed from afar by an orc priest

Illustrated notes

Levels and vault maps discovered:
D:1:      onia_arrival_pyramid, layout_rooms, ebering_ecumenical_altar_box
D:2:      layout_basic
D:3:      layout_rooms, trog_wizard, serial_forest,
          infiniplex_forest_clump_cross, infiniplex_forest_straight_3,
          infiniplex_forest_side_room, infiniplex_forest_lined_2,
          infiniplex_forest_lined_3_way, infiniplex_forest_corner_1,
          infiniplex_forest_lined_corner, infiniplex_forest_end_double,
          infiniplex_forest_corner_1, infiniplex_forest_corner_1
D:4:      layout_loops_ring, nicolae_overflow_hidden_temple, temple_hall,
          ebering_ghost_rock_garden, uniq_blork_the_orc, uniq_robin,
          uniq_duvessa
D:5:      layout_loops_ring, grunt_temple_overflow_open
D:6:      layout_layer_cave, tgw_xom, uniq_prince_ribbit1

Skill      XL: |  1  2  3  4  5  6  7 |
---------------+----------------------+-----
Unarmed Combat | 3 4 5 6 7 9 |  9.8
Fighting       | |  2.4
Dodging        | |  2.4
Shields        | |  2.6

Action                   |  1- 3 |  4- 6 |  7- 9 || total
-------------------------+-------+-------+-------++-------
Melee: Unarmed           |    94 |    80 |    83 ||   257
Armor: Robe              |    22 |    15 |    16 ||    53
Dodge: Dodged            |    24 |    26 |    24 ||    74
Block: Kite shield       |    31 |    22 |    40 ||    93
